 Dungeon Crawl Stone Soup version 0.31-a0-574-g69dc8cc98e (webtiles) character file.

Game seed: 16308281247713349618

2594 holysushi the Slicer (level 9, 0/69 HPs)
             Began as a Merfolk Monk on Aug 19, 2023.
             Was an Elder of Ashenzari.
             Slain by a two-headed ogre
             ... wielding a +0 giant spiked club
              (25 damage)
             ... on level 7 of the Dungeon.
             The game lasted 00:10:02 (5674 turns).

holysushi the Slicer (Merfolk Monk)                 Turns: 5674, Time: 00:10:03

Health: 0/69       AC:  8    Str: 11    XL:     9   Next: 58%
Magic:  9/9        EV: 27    Int:  9    God:    Ashenzari [****..]
Gold:   179        SH:  0    Dex: 27    Spells: 8/8 levels left

rFire   + . .        a - +0 rapier "Shame of Ashenzari" {Bglg, Melee} (curse)
rCold   + . .        d - orb "Profound Servitude" {light, Fort, Cun} (curse)
rNeg    . . .        t - +0 robe "Shattered With Me" {Cun, Elem} (curse)
rPois   .            (no helmet)
rElec   .            (no cloak)
rCorr   .            p - +0 pair of gloves of Supernal Gnosis {Cun, Bglg} (curse)
SInv    +            r - +0 pair of boots "Behold Eternity" {Self, Elem} (curse)
Will    .....        u - amulet "Dogma of Ashenzari" {RegenMP Dex+6, Range, Self} (curse)
Stlth   +            q - ring "Mexuir" {rF+ rC+ AC+4 Slay+3}
HPRegen 0.31/turn    (no ring)
MPRegen 0.51/turn

%: clarity
@: glowing
A: (nimble swimmer 2), mertail
a: Renounce Religion, Shatter the Chains


You were on level 7 of the Dungeon.
You worshipped Ashenzari.
Ashenzari was greatly pleased with you.
You visited 1 branch of the dungeon, and saw 7 of its levels.

You collected 314 gold pieces.
You spent 135 gold pieces at shops.

Inventory:

Hand Weapons
 a - the cursed +0 rapier "Shame of Ashenzari" (weapon) {Bglg, Melee}
   (You found it on level 2 of the Dungeon)

   It has a curse which improves the following skills: Beguiling: Conjurations,
   Hexes and Translocations.
   Melee Combat: Short Blades, Long Blades, Axes, Maces & Flails, Polearms,
   Staves and Unarmed Combat.
 b - a +1 triple crossbow of electrocution
 O - the +8 short sword of the Modern Tusks {heavy, *Corrode rF++}
   (You found it on level 7 of the Dungeon)

   rF++:      It greatly protects you from fire.
   *Corrode:  It may corrode you when you take damage.
Armour
 d - the cursed orb "Profound Servitude" (worn) {light, Fort, Cun}

   It has a curse which improves the following skills: Fortitude: Armour and
   Shields.
   Cunning:   Dodging and Stealth.
 p - the cursed +0 pair of gloves of Supernal Gnosis (worn) {Cun, Bglg}
   (You found it on level 1 of the Dungeon)

   It has a curse which improves the following skills: Cunning: Dodging and
   Stealth.
   Beguiling: Conjurations, Hexes and Translocations.
 r - the cursed +0 pair of boots "Behold Eternity" (worn) {Self, Elem}
   (You found it on level 2 of the Dungeon)

   It has a curse which improves the following skills: Introspection: Fighting
   and Spellcasting.
   Elements:  Fire Magic, Ice Magic, Air Magic and Earth Magic.
 t - the cursed +0 robe "Shattered With Me" (worn) {Cun, Elem}

   It has a curse which improves the following skills: Cunning: Dodging and
   Stealth.
   Elements:  Fire Magic, Ice Magic, Air Magic and Earth Magic.
 C - a +0 kite shield
 I - a +0 pair of boots
 N - a +1 pair of boots
Jewellery
 q - the ring "Mexuir" (left hand) {rF+ rC+ AC+4 Slay+3}
   (You acquired it on level 2 of the Dungeon)

   [ring of protection]

   AC+4:      It affects your AC (+4).
   Slay+3:    It affects your accuracy & damage with ranged weapons and melee
   (+3).
   rF+:       It protects you from fire.
   rC+:       It protects you from cold.
 u - the cursed amulet "Dogma of Ashenzari" (around neck) {RegenMP Dex+6, Range, Self}
   (You acquired it on level 2 of the Dungeon)

   [amulet of magic regeneration]

   RegenMP:   It increases your rate of magic regeneration.
   Dex+6:     It affects your dexterity (+6).
   It has a curse which improves the following skills: Ranged Combat: Ranged
   Weapons and Throwing.
   Introspection: Fighting and Spellcasting.
 A - a +4 ring of protection
 B - a ring of positive energy
Talismans
 L - a flux talisman
Wands
 y - a wand of iceblast (12)
 D - a wand of flame (20)
 H - a wand of mindburst (8)
Scrolls
 f - 4 scrolls of identify
 g - a scroll of summoning
 h - 2 scrolls of fog
 i - 4 scrolls of teleportation
 k - 3 scrolls of revelation
 m - 2 scrolls of immolation
 x - 2 scrolls of vulnerability
 K - a scroll of enchant weapon
 M - a scroll of fear
 P - a scroll of brand weapon
Potions
 c - 2 potions of ambrosia
 e - 3 potions of haste
 j - a potion of enlightenment
 l - a potion of resistance
 n - a potion of lignification
 o - a potion of cancellation
 s - 3 potions of heal wounds
 v - a potion of magic
 w - 4 potions of curing
 z - a potion of might
 E - a potion of brilliance
 F - a potion of attraction
 G - a potion of mutation
 J - a potion of invisibility


   Skills:
 - Level 3.4(5.8) Fighting
 * Level 11.9(13.7) Short Blades
 + Level 11.5(15.1) Dodging


You had 8 spell levels left.
You didn't know any spells.
Your spell library contained the following spells:

 Spells                   Type           Power      Damage    Failure   Level
 Sandblast                Erth           0%         2d4       34%         1
 Passwall                 Tmut/Erth      0%         N/A       50%         2
 Stone Arrow              Conj/Erth      0%         3d7       71%         3
 Animate Armour           Summ/Erth      0%         N/A       98%         4
 Summon Lightning Spire   Summ/Air       0%         N/A       98%         4
 Lee's Rapid Deconstruct  Erth           0%         3d4*      100%        5
 Lehudib's Crystal Spear  Conj/Erth      0%         10d2      100%        8


Dungeon Overview and Level Annotations

Branches:
Dungeon (7/15) Zot: 26175  Temple (0/1) D:4

Altars:
Ashenzari
Elyvilon
Ru
Trog
Vehumet

Shops:
D:3 *   D:4 [[


Innate Abilities, Weirdness & Mutations

((You are very nimble when in or above water. (Stealth+, EV+, Speed+++)))
Your lower body shifts to a powerful aquatic tail in water.


Message History

The boggart puts on a burst of speed as it pursues you!
The two-headed ogre puts on a burst of speed as it pursues you!
The orc puts on a burst of speed as it pursues you!
The two-headed ogre puts on a burst of speed as it pursues you!
The water moccasin puts on a burst of speed as it pursues you!
The orc puts on a burst of speed as it pursues you!
The orc puts on a burst of speed as it pursues you!
The two-headed ogre completely misses you. x2
The boggart mumbles some strange words.
There is an open door here.
You hit the two-headed ogre.
The two-headed ogre is lightly wounded.
The two-headed ogre barely misses you.
The two-headed ogre hits you with a +0 giant spiked club!
You hit the two-headed ogre.
The two-headed ogre is lightly wounded.
You barely miss the two-headed ogre.
The two-headed ogre is lightly wounded.
You hit the two-headed ogre.
The two-headed ogre is lightly wounded.
The two-headed ogre misses you.
The two-headed ogre hits you with a +0 giant spiked club!
You puncture the two-headed ogre!
The two-headed ogre is moderately wounded.
You hit the two-headed ogre.
The two-headed ogre is heavily wounded.
You barely miss the two-headed ogre.
The two-headed ogre is heavily wounded.
The two-headed ogre closely misses you.
The two-headed ogre hits you with a +0 giant spiked club!!
You puncture the two-headed ogre!
The two-headed ogre is heavily wounded.
You puncture the two-headed ogre!
The two-headed ogre is severely wounded.
The boggart mumbles some strange words.
The boggart blinks!
You hit the two-headed ogre.
The two-headed ogre is severely wounded.
The two-headed ogre hits you with a +0 giant spiked club!!
You die...

#........# **,,,,,** #.#..#.#
#####.######.......## #.#..#.#
##...####.........###....#.###
#.......'.........+...........
##...####........,####..[#####
##.## *#......#** ###.# #.#
*#.....# ######## #.# *#...#*
#...#### #.# *#@#* #.8....##**
#.# #O#####S...8...,** #.#
#O§{##........8,,, #.#
##o#o{.{S.......,,8 #.#
##.g.o.o{o.......,,, #.#
#{...............,,8
#.########....##........8,,,
#........##.#.###.o..8...,**
#######.#.#.#.# #.8....##**


You could see 2 two-headed ogres, a boggart and 3 orcs.

Vanquished Creatures
  2 water moccasins
  An orc warrior (D:7)
  2 black bears
  An ogre (D:4)
  A lemure (D:6)
  Blork the orc (D:5)
  A bullfrog (D:6)
  4 scorpions
  5 killer bees (D:6)
  A howler monkey (D:5)
  2 gnoll boudas
  3 orc priests
  3 hounds
  4 iguanas
  A sleepcap (D:6)
  5 orc wizards
  10 adders
  11 gnolls
  2 shadow imps
  2 white imps (D:7)
  2 ufetubi (D:5)
  3 worms
  2 dart slugs
  21 orcs
  3 endoplasms
  4 giant cockroaches
  6 goblins
  9 hobgoblins
  2 quokkas
  7 ball pythons
  A bat (D:1)
  3 frilled lizards
  7 kobolds
  7 rats
139 creatures vanquished.

Vanquished Creatures (collateral kills)
  Pikel (D:5)
  A water moccasin (D:5)
2 creatures vanquished.

Vanquished Creatures (others)
  A wizard (D:4)
  A butterfly (D:5)
2 creatures vanquished.

Grand Total: 143 creatures vanquished

Notes
Turn   | Place    | Note
-------+----------+-------------------------------------------
     0 | D:1      | holysushi the Merfolk Monk began the quest for the Orb.
     0 | D:1      | Reached XP level 1. HP: 18/18 MP: 1/1
    53 | D:1      | Found a faded altar of an unknown god.
   151 | D:1      | Prayed at the altar of an unknown god.
   151 | D:1      | Became a worshipper of Ashenzari the Shackled
   164 | D:1      | Reached * piety under Ashenzari
   164 | D:1      | Identified a scroll of acquirement
   196 | D:1      | Reached XP level 2. HP: 22/24 MP: 2/2
  1099 | D:2      | Reached XP level 3. HP: 11/29 MP: 3/3
  1213 | D:2      | Acquired the ring "Mexuir" {rF+ rC+ AC+4 Slay+3}
  1239 | D:2      | Reached skill level 5 in Dodging
  1306 | D:2      | Identified the +3 mace "Dulontur" {holy, Str+2}
  1793 | D:2      | Acquired the amulet "Cegoegh" {RegenMP Dex+6}
  1801 | D:2      | Acquired a +0 triple crossbow of electrocution
  1847 | D:3      | Reached XP level 4. HP: 35/35 MP: 4/4
  1929 | D:3      | Reached ** piety under Ashenzari
  1987 | D:3      | Found Effuc's Assorted Antiques.
  2291 | D:4      | Noticed a black bear
  2292 | D:4      | Noticed an ogre
  2302 | D:4      | Found a staircase to the Ecumenical Temple.
  2305 | D:4      | Killed an ogre
  2306 | D:4      | Reached skill level 5 in Short Blades
  2306 | D:4      | Reached XP level 5. HP: 41/41 MP: 5/5
  2308 | D:4      | Killed a black bear
  2309 | D:4      | Reached XP level 6. HP: 47/47 MP: 6/6
  2420 | D:4      | Found Nocs's Antique Armour Shoppe.
  2438 | D:4      | Bought a kite shield for 135 gold pieces
  2524 | D:4      | Found a radiant altar of Vehumet.
  2592 | D:4      | Found Rolybral's Armour Emporium.
  2833 | D:4      | Found a bloodstained altar of Trog.
  2836 | D:4      | Noticed a wizard
  2842 | D:4      | Killed a wizard
  2935 | D:5      | Entered Level 5 of the Dungeon
  2966 | D:5      | Found a white marble altar of Elyvilon.
  3160 | D:5      | Reached XP level 7. HP: 50/52 MP: 7/7
  3465 | D:5      | Noticed Blork the orc
  3476 | D:5      | Killed Blork the orc
  3824 | D:6      | Reached XP level 8. HP: 55/61 MP: 8/8
  3989 | D:6      | Noticed Pikel
  4023 | D:5      | Killed Pikel
  4024 | D:5      | Reached skill level 10 in Short Blades
  4024 | D:5      | Reached skill level 10 in Dodging
  4168 | D:6      | Found a broken altar of Ashenzari.
  4201 | D:6      | Reached XP level 9. HP: 60/66 MP: 9/9
  4479 | D:6      | Reached *** piety under Ashenzari
  4578 | D:6      | Found a sacrificial altar of Ru.
  4987 | D:7      | Identified the +8 short sword of the Modern Tusks {heavy,
                  | *Corrode rF++}
  5196 | D:7      | Reached **** piety under Ashenzari
  5653 | D:7      | Noticed a two-headed ogre
  5653 | D:7      | Noticed a two-headed ogre
  5674 | D:7      | Slain by a two-headed ogre

Illustrated notes

Levels and vault maps discovered:
D:1:      nicolae_arrival_washed_ashore, layout_loops_ring, serial_forest,
          infiniplex_forest_zigzag_1, infiniplex_forest_clump_C,
          infiniplex_forest_straight_4, infiniplex_forest_end_2,
          infiniplex_forest_lined_1, infiniplex_forest_lined_3,
          infiniplex_forest_straight_2, infiniplex_forest_clump_small,
          hellmonk_ecumenical_altar_run_dry, minmay_3d_cube
D:2:      layout_loops_ring
D:3:      layout_rooms, serial_shops, shop
D:4:      layout_loops_ring, trog_wizard, mainiacjoe_overflow_cross_hatched,
          minmay_temple_entry_drinking_statues, serial_shops, shop,
          kennysheep_mini_moat, hangedman_decor_opposing,
          minmay_tree_intersection, hangedman_decor_peaks_small
D:5:      layout_gridville, nicolae_elyvilon_peaceful_grove, uniq_blork_the_orc
D:6:      layout_basic, mainiacjoe_overflow_tiny_flanked,
          nicolae_ashenzari_panopticon, dk_vineyard_1, uniq_pikel
D:7:      layout_loops_corners, nicolae_phantomly_mirrored

Skill      XL: |  1  2  3  4  5  6  7  8  9 |
---------------+----------------------------+-----
Short Blades   | 4 5 6 8 10 11 | 11.9
Dodging        | 5 6 7 8 9 10 11 | 11.5
Fighting       | |  3.4

Action                     |  1- 3 |  4- 6 |  7- 9 || total
---------------------------+-------+-------+-------++-------
  Melee: Short sword       |    79 |       |       ||    79
         Rapier            |    21 |    92 |   265 ||   378
 Invoke: Curse Item        |     2 |     1 |     3 ||     6
    Use: Scroll            |     3 |     1 |     2 ||     6
         Potion            |       |       |     2 ||     2
   Stab: Distracted        |       |     1 |       ||     1
 Armour: Robe              |    16 |    13 |    30 ||    59
  Dodge: Dodged            |    61 |    63 |   222 ||   346

Table legend: (Time is in decaauts)
 A = Elapsed time spent in this place.
 B = Non-inter-level travel time spent in this place.
 C = Inter-level travel time spent in this place.
 D = Time resting spent in this place.
 E = Time spent auto-exploring this place.
 F = Levels seen in this place.
 G = Mean time per level.
                   A        B        C        D        E       F      G
               +--------+--------+--------+--------+--------+-----+--------+
         Total |   5550 |   5274 |    276 |    389 |   3725 |   7 |  792.9 |
       Dungeon |   5550 |   5274 |    276 |    389 |   3725 |   7 |  792.9 |
               +--------+--------+--------+--------+--------+-----+--------+

Top non-repeatable levels by time:
     D:1: 1042 daAuts
     D:5: 1010 daAuts
     D:7: 824 daAuts
     D:4: 818 daAuts
     D:2: 784 daAuts
     D:6: 698 daAuts
     D:3: 372 daAuts
